 Dungeon Crawl Stone Soup version 0.26.1-2-gb8aa6d0cf2 (webtiles) character file.

Game seed: 5752432641611629094

833 Phaedo the Sneak (level 7, -10/56 HPs)
             Began as a Demigod Delver on Mar 29, 2021.
             Mangled by an orc warrior
             ... wielding a +0 flail
              (13 damage)
             ... on level 6 of the Dungeon.
             The game lasted 00:16:27 (8085 turns).

Phaedo the Sneak (Demigod Delver)                   Turns: 8085, Time: 00:16:28

Health: -10/56     AC:  4    Str: 15    XL:     7   Next: 38%
Magic:  2/9        EV: 14    Int: 18    God:
Gold:   366        SH:  0    Dex: 17    Spells: 4/6 levels left

rFire    . . .     SeeInvis .   a - +0 mace
rCold    . . .     Faith    .   (no shield)
rNeg     . . .     Spirit   .   b - +0 leather armour
rPois    +         Reflect  .   w - +0 hat
rElec    .         Harm     .   x - +0 cloak
rCorr    .         Rampage  .   (no gloves)
Will     .....                  (no boots)
Stlth    +++.......             (no amulet)
HPRegen  0.18/turn              i - ring of poison resistance
MPRegen  0.11/turn              (no ring)

@: no status effects
A: high mp 1
a: no special abilities


You were on level 6 of the Dungeon.
You visited 1 branch of the dungeon, and saw 6 of its levels.

You collected 366 gold pieces.

Inventory:

Hand Weapons
 a - a +0 mace (weapon)
Missiles
 k - 199 stones (quivered)
 t - 16 bolts
Armour
 b - a +0 leather armour (worn)
 l - a +0 scale mail
 w - a +0 hat (worn)
 x - a +0 cloak (worn)
Magical Staves
 v - an uncursed staff of fire {unknown}
Jewellery
 i - a ring of poison resistance (left hand)
Wands
 f - a wand of enslavement (8)
 g - a wand of digging (3)
Scrolls
 c - a scroll of fog
 e - 4 scrolls of fear
 j - 2 scrolls of enchant weapon {unknown}
 m - 3 scrolls of teleportation
 o - 2 scrolls of magic mapping
 p - 4 scrolls of remove curse
 q - a scroll of enchant armour {unknown}
 s - a scroll of amnesia {unknown}
 u - a scroll of noise {unknown}
 y - 2 scrolls of blinking {unknown}
Potions
 d - a potion of curing
 h - a potion of resistance
 n - 2 potions of attraction
 r - 2 potions of magic
 z - a potion of mutation {unknown}


   Skills:
 - Level 2.6 Fighting
 * Level 5.1 Maces & Flails
 + Level 3.8 Dodging
 + Level 5.9 Stealth
 * Level 3.5 Summonings


You had 4 spell levels left.
You knew the following spells:

 Your Spells              Type           Power        Failure   Level
a - Call Imp              Summ           12%          10%         2

Your spell library contained the following spells:

 Spells                   Type           Power        Failure   Level
 Magic Dart               Conj           0%           26%         1
 Blink                    Tloc           N/A          38%         2
 Slow                     Hex            0%           38%         2
 Conjure Flame            Conj/Fire      0%           63%         3
 Mephitic Cloud           Conj/Pois/Air  0%           63%         3


Dungeon Overview and Level Annotations

Branches:
Dungeon (6/15)             Temple (0/1) D:6


Innate Abilities, Weirdness & Mutations

You have an increased reservoir of magic. (+10% MP)


Message History

The orc priest is almost dead.
The orc priest calls down the wrath of Beogh upon you.
Beogh smites you!
Your white imp hits the orc priest but does no damage.
You sock the orc priest!
You kill the orc priest!
You hit the orc warrior but do no damage.
The orc warrior hits you with a +0 flail!
A white imp comes into view.
Your white imp misses the orc warrior.
You closely miss the orc warrior.
The orc warrior hits you with a +0 flail!!
* * * LOW HITPOINT WARNING * * *
Your white imp hits the orc warrior but does no damage.
Your crimson imp blinks!
Unknown command.
Your white imp gestures at the orc warrior.
The puff of frost hits the orc warrior but does no damage.
The orc warrior hits you with a +0 flail!
You die...

.#######.............≈
............<..≈≈≈≈≈≈...
.......#####..≈..≈.♣≈≈.≈
.......####...##♣≈≈#≈..
.......>.....)≈..≈≈≈≈≈≈
..#.######.##.≈.≈≈≈≈♣####
....##.....###≈.≈≈.≈.$≈≈#
....<..##### ##.♣≈≈..≈≈.#
.......# #.@.......#
.......##########o5.....#
.....#......... ##5.5...#
......###...... #.)....#
#.###.......... ##o....#
#.# #####...... ..5...#
#.# .... ....... #.####
.. ....... .....# .
..>....


You could see an orc warrior, a white imp, an orc, a friendly crimson imp
(summoned) and 2 friendly white imps.

Vanquished Creatures
  Grinder (D:5)
  A centaur (D:6)
  2 howler monkeys
  A centaur zombie (D:6)
  A hound (D:5)
  2 orc priests (D:6)
  2 bullfrog skeletons (D:5)
  Terence (D:3)
  A killer bee zombie (D:6)
  A hound zombie (D:6)
  A worker ant zombie (D:3)
  6 gnolls
  6 adders
  A howler monkey skeleton (D:6)
  3 oozes
  An adder skeleton (D:4)
  2 worms (D:3)
  3 dart slugs
  4 leopard geckos
  8 orcs
  4 bats
  6 giant cockroaches
  7 goblins
  5 hobgoblins
  6 jackals (D:2)
  6 kobolds
  3 quokkas
  3 ball pythons
  6 frilled lizards
  A leopard gecko skeleton (D:6)
  8 rats
103 creatures vanquished.

Notes
Turn   | Place    | Note
-------+----------+-------------------------------------------
     0 | D:5      | Phaedo the Demigod Delver began the quest for the Orb.
     0 | D:5      | Reached XP level 1. HP: 18/18 MP: 3/3
     5 | D:5      | Noticed a hound
    14 | D:5      | Killed a hound
    15 | D:5      | Reached XP level 2. HP: 9/25 MP: 4/4
   242 | D:5      | Reached XP level 3. HP: 15/30 MP: 5/5
   450 | D:5      | Found a glowing golden altar of the Shining One.
   501 | D:4      | Noticed a scorpion
   557 | D:3      | Noticed Terence
  1260 | D:1      | Reached XP level 4. HP: 37/37 MP: 6/6
  1272 | D:1      | Reached skill level 5 in Stealth
  2437 | D:2      | Learned a level 2 spell: Call Imp
  3906 | D:2      | Reached XP level 5. HP: 37/42 MP: 7/7
  4512 | D:3      | Killed Terence
  4513 | D:3      | Reached skill level 1 in Summonings
  5620 | D:4      | Found a white marble altar of Elyvilon.
  5821 | D:4      | Reached XP level 6. HP: 41/50 MP: 8/8
  6038 | D:5      | Noticed Grinder
  6100 | D:5      | Paralysed by Grinder for 6 turns
  6112 | D:5      | Killed Grinder
  6665 | D:6      | Reached XP level 7. HP: 45/56 MP: 9/9
  7117 | D:6      | Found a shimmering altar of Xom.
  7477 | D:6      | Reached skill level 5 in Maces & Flails
  7521 | D:6      | Found a staircase to the Ecumenical Temple.
  8085 | D:6      | Mangled by an orc warrior

Illustrated notes

Levels and vault maps discovered:
D:1:      dpeg_arrival_short_road, layout_basic
D:2:      layout_basic
D:3:      layout_rooms, cheibrodos_sewer_entry_bend, grunt_decor_fettered,
          uniq_terence
D:4:      layout_gridville, marbit_many_paths
D:5:      layout_cave_pools, tso_altar, uniq_sigmund, uniq_grinder
D:6:      layout_rooms, minmay_temple_entry_glassed_door, basic_altar,
          chequers_serial_rivers_marsh

Skill      XL: |  1  2  3  4  5  6  7 |
---------------+----------------------+-----
Maces & Flails | 2 3 4 5 |  5.1
Dodging        | 2 3 |  3.8
Stealth        | 5 |  5.9
Summonings     | 1 3 |  3.5
Fighting       | |  2.6

Action                   |  1- 3 |  4- 6 |  7- 9 || total
-------------------------+-------+-------+-------++-------
Melee: Mace              |    55 |   375 |    83 ||   513
Throw: Stone             |       |     9 |       ||     9
 Cast: Call Imp          |       |       |     4 ||     4
Evoke: Wand              |       |       |     2 ||     2
  Use: Potion            |     2 |     7 |     2 ||    11
       Scroll            |     3 |     3 |     3 ||     9
 Stab: Sleeping          |     4 |     4 |     1 ||     9
       Invisible         |       |     2 |       ||     2
       Distracted        |       |       |     1 ||     1
Armor: Leather armour    |     3 |     4 |     9 ||    16
       Scale mail        |    43 |   167 |       ||   210
       Skin              |       |       |     7 ||     7
Dodge: Dodged            |    52 |   240 |    59 ||   351
